 Dungeon Crawl Stone Soup version 0.29.1-4-g47bece8355 (webtiles) character file.

Game seed: 11840415095336430031

7543 FexLirch the Martial Artist (level 11, -1/126 HPs)
             Began as a Meteoran Transmuter on Dec 6, 2022.
             Was a Follower of Ru.
             Slain by a troll (5 damage)
             ... on level 10 of the Dungeon.
             The game lasted 00:58:23 (5353 turns).

FexLirch the Martial Artist (Meteoran Transmuter)   Turns: 5353, Time: 00:58:25

Health: -1/126     AC: 32    Str: 12    XL:     11   Next: 65%
Magic:  10/16      EV:  2    Int: 17    God:    Ru [*.....]
Gold:   538        SH:  0    Dex: 17    Spells: 3/15 levels left

rFire   . . .      SeeInvis .   A - +4 dire flail of Ash {elec, Contam rC+ rN+ Will+}
rCold   + . .      Faith    .   (shield currently unavailable)
rNeg    + . .      Spirit   .   (body armour currently unavailable)
rPois   +          Reflect  .   (helmet currently unavailable)
rElec   .          Harm     .   (cloak currently unavailable)
rCorr   .          Rampage  .   (gloves currently unavailable)
Will    ++...      NoTele   +   (boots currently unavailable)
Stlth   +.........              (no amulet)
HPRegen 0.31/turn               r - +4 ring of evasion
MPRegen 0.15/turn               u - ring of flight

@: ice-armoured, tree-form, wereblooded (expiring), glowing, invisible (but
backlit and visible)
A: stationary, stasis, torment immunity, boosted hp, sense surroundings 2,
inability to train armour, otherworldly, glowing, explore regen
a: Renounce Religion


You were on level 10 of the Dungeon.
You worshipped Ru.
Ru was aware of your devotion.
You were a tree.
You visited 2 branches of the dungeon, and saw 11 of its levels.

You collected 772 gold pieces.
You spent 234 gold pieces at shops.

Inventory:

Hand Weapons
 c - a +1 vorpal sling
 i - a +4 trident of venom
 p - a +0 halberd of flaming
 A - the +4 dire flail of Ash (weapon) {elec, Contam rC+ rN+ Will+}
   (You bought it in a shop on level 6 of the Dungeon)

   It occasionally discharges a powerful burst of electricity upon striking a
   foe.
   rC:        It protects you from cold.
   rN:        It protects you from negative energy.
   Contam:    It causes magical contamination when unequipped.
   Will:      It increases your willpower.
Armour
 d - a +1 pair of gloves (melded)
 g - a +0 pair of boots (melded)
 m - a +2 hat (melded)
 x - a +0 troll leather armour (melded)
 y - +0 swamp dragon scales
 B - +0 steam dragon scales
 C - a +1 cloak (melded)
Jewellery
 r - a +4 ring of evasion (left branch)
 u - a ring of flight (right branch)
Wands
 a - a wand of polymorph (4)
 o - a wand of roots (21)
Scrolls
 e - a scroll of noise {unknown}
 f - 2 scrolls of magic mapping
 j - 3 scrolls of enchant armour
 l - a scroll of enchant weapon {unknown}
 n - 2 scrolls of blinking
 t - a scroll of fog
 w - a scroll of vulnerability
 z - a scroll of teleportation {unknown}
Potions
 h - 4 potions of brilliance
 k - 3 potions of flight


   Skills:
 + Level 4.1 Fighting
 + Level 5.1 Dodging
 + Level 11.9 Unarmed Combat
 - Level 2.6 Spellcasting
 + Level 3.3 Necromancy
 + Level 11.5 Transmutations
 + Level 9.0 Ice Magic


You had 3 spell levels left.
You knew the following spells:

 Your Spells              Type           Power      Damage    Failure   Level
a - Beastly Appendage     Tmut           82%        N/A       1%          1
b - Wereblood             Tmut           41%        N/A       1%          2
c - Ice Form              Ice/Tmut       37%        N/A       2%          4
d - Ozocubu's Armour      Ice            32%        N/A       1%          3
e - Ensorcelled Hibernat  Hex/Ice        34%        N/A       4%          2

Your spell library contained the following spells:

 Spells                   Type           Power      Damage    Failure   Level
 Sting                    Tmut/Pois      84%        1d7       1%          1
 Passwall                 Tmut/Erth      17%        N/A       2%          2
 Spider Form              Tmut/Pois      21%        N/A       4%          3
 Ignite Poison            Fire/Tmut/Pois 15%        N/A       11%         3
 Poisonous Vapours        Pois/Air       4%         N/A       26%         2
 Static Discharge         Conj/Air       2%         3-4/arc   26%         2
 Call Canine Familiar     Summ           2%         N/A       47%         3
 Conjure Flame            Conj/Fire      2%         6-21      47%         3
 Dazzling Flash           Conj/Hex       4%         N/A       47%         3
 Portal Projectile        Hex/Tloc       4%         N/A       47%         3
 Swiftness                Air            2%         N/A       47%         3
 Dispel Undead            Necr           13%        3d9       41%         4
 Metabolic Englaciation   Hex/Ice        8%         N/A       61%         5
 Iskenderun's Mystic Bla  Conj/Tloc      2%         2d3       87%         4
 Leda's Liquefaction      Hex/Erth       1%         N/A       87%         4
 Olgreb's Toxic Radiance  Pois           2%         N/A       87%         4
 Sticky Flame             Conj/Fire      2%         2d3       87%         4
 Simulacrum               Ice/Necr       11%        N/A       91%         6
 Starburst                Conj/Fire      1%         6d3       100%        6


Dungeon Overview and Level Annotations

Branches:
Dungeon (10/15) Zot: 796   Temple (1/1) D:4 Zot: 519    Lair (0/5) D:10
    Orc: D:9-12

Altars:
Ashenzari
Cheibriados
Dithmenos
Elyvilon
Fedhas
Gozag
Hepliaklqana
Kikubaaqudgha
Makhleb
Nemelex Xobeh
Okawaru
Qazlal
Ru
Sif Muna
Trog
Uskayaw
Vehumet
Wu Jian
Xom
Yredelemnul
Zin
The Shining One

Shops:
D:6 (

Portals:
Trove: D:10 (give 2 scrolls of acquirement)

Annotations:
D:7 1 runed translucent door, kingsuperguy's ghost, novice MiBe
D:9 3 runed translucent doors


Innate Abilities, Weirdness & Mutations

You are a tree.
Your roots penetrate the ground, keeping you stationary.
You cannot be teleported.
You are immune to unholy pain and torment.
Your maximum health is greatly increased.
Your equipment is partially melded.
You passively map the area around you.
You cannot train Armour skill.
You are easily found by Zot.
You glow in the dark.
You regain HP and MP as you explore.


Message History

The troll barely misses you. The troll claws you but does no damage.
The troll barely misses you. The yak gores you.
* * * LOW HITPOINT WARNING * * *
Your Ice Magic skill increases to level 9!
Okay, then.
Unknown command.
Okay, then.
Unknown command.
There are monsters nearby!
Unknown command.
Okay, then.
Aiming: Polymorph
Press: ? - help, Shift-Dir - straight line, f - troll
Aim: a troll (black smoke, heavily wounded, will become a swamp drake, a black bear, or a cane toad, chance to affect: 49%)
Okay, then.
Unknown command.
Aiming: Polymorph
Press: ? - help, Shift-Dir - straight line, f - yak
Aim: a yak (black smoke, severely wounded, will become a shapeshifter, an ice beast, or a black mamba, chance to affect: 49%)
Okay, then.
Unknown command.
Unknown command.
Unknown command.
You puncture the water moccasin!
You feel a bit better.
You kill the water moccasin!
You creak as the wereblood boils in your veins!
The troll bites you.
* * * LOW HITPOINT WARNING * * *
The troll claws you.
* * * LOW HITPOINT WARNING * * *
The troll claws you but does no damage. The yak barely misses you.
The water moccasin bites you but does no damage.
You thump the water moccasin!
Lightning courses through the water moccasin!!
You feel a bit better.
You kill the water moccasin!
The troll bites you!
* * * LOW HITPOINT WARNING * * *
The troll claws you.
You die...

,,, , ,, .... , , **
######.. ,,* , , ,, ,
#...... , , , , * ,
#....# , ,, * ,
........#....# , , ,
........#§§§§#,, ,* * * ,
........#§§§§# , , ,
,.......#§.§§#, P,. , *
*#.....#.§§♣####.... ,
... ,#.....#.§OYTY...♣ ,
,....,#.....#.§§§l§§.....
, ....
#....∩#....#......., ,
.....#.....#....#.P..♣P.,
,
,.....#.....#....#.!P.PP.
> ,
................#.......
,
#######..........#..P....
,,
.................#.......
,


You could see a two-headed ogre, 2 yaks, a troll and a basilisk.

Vanquished Creatures
  Pikel (D:6)
  Maurice (D:9)
  Joseph (D:7)
  Maggie (D:7)
  A troll (D:9)
  Grinder (D:6)
  2 wyverns (D:10)
  8 yaks
  A steam dragon (D:8)
  8 water moccasins
  3 orc warriors
  4 black bears
  2 ogres (D:6)
  4 centaurs
  4 lemures (D:6)
  3 phantoms
  3 kobold brigands
  A bullfrog (D:7)
  3 necrophages (D:6)
  2 gnoll sergeants
  6 scorpions
  A wight (D:6)
  A jelly (D:6)
  6 hounds
  2 gnoll boudas
  4 orc priests
  3 iguanas
  2 orc wizards
  13 adders
  22 gnolls
  4 river rats (D:5)
  4 shadow imps (D:6)
  A white imp (D:6)
  2 ufetubi
  3 worms
  2 dart slugs
  36 orcs
  4 ball pythons
  3 bats
  5 endoplasms
  4 giant cockroaches
  5 goblins
  6 hobgoblins
  3 jackals (D:1)
  6 quokkas
  2 frilled lizards (D:2)
  18 kobolds
  8 rats
230 creatures vanquished.

Vanquished Creatures (others)
  34 plants
  2 withered plants (D:7)
36 creatures vanquished.

Grand Total: 266 creatures vanquished

Notes
Turn   | Place    | Note
-------+----------+-------------------------------------------
     0 | D:1      | FexLirch the Meteoran Transmuter began the quest for the
                  | Orb.
     0 | D:1      | Reached XP level 1. HP: 16/16 MP: 5/5
    88 | D:1      | Reached XP level 2. HP: 23/23 MP: 6/6
   162 | D:1      | Learned a level 2 spell: Wereblood
   301 | D:1      | Reached XP level 3. HP: 28/28 MP: 6/8
   590 | D:2      | Found a glowing silver altar of Zin.
   685 | D:2      | Reached XP level 4. HP: 35/35 MP: 7/9
   885 | D:2      | Reached skill level 5 in Unarmed Combat
   885 | D:2      | Reached XP level 5. HP: 22/40 MP: 7/10
  1441 | D:3      | Reached XP level 6. HP: 39/47 MP: 11/11
  1660 | D:5      | Entered Level 5 of the Dungeon
  1691 | D:4      | Reached skill level 5 in Transmutations
  1895 | D:4      | Reached XP level 7. HP: 30/52 MP: 12/12
  1910 | D:4      | Learned a level 4 spell: Ice Form
  1914 | D:4      | Learned a level 3 spell: Ozocubu's Armour
  2018 | D:4      | Found a staircase to the Ecumenical Temple.
  2207 | Temple   | Entered the Ecumenical Temple
  2249 | Temple   | Became a worshipper of Ru the Awakened
  2868 | D:5      | Reached skill level 1 in Ice Magic
  2945 | D:5      | Found a hazy altar of Hepliaklqana.
  3009 | D:5      | Glimpsed the power of Zot.
  3101 | D:6      | Reached XP level 8. HP: 32/59 MP: 7/13
  3402 | D:5      | Gained mutation: You cannot train Armour skill. [Ru
                  | sacrifice]
  3402 | D:5      | Reached * piety under Ru
  3539 | D:6      | Gained mutation: You passively map the area around you.
                  | [Meteoran growth]
  3539 | D:6      | Reached XP level 9. HP: 10/64 MP: 14/14
  3585 | D:6      | Reached skill level 5 in Ice Magic
  3624 | D:6      | Glimpsed the power of Zot.
  3676 | D:6      | Glimpsed the power of Zot.
  3740 | D:6      | Noticed Grinder
  3783 | D:6      | Killed Grinder
  3784 | D:6      | Reached XP level 10. HP: 48/71 MP: 11/15
  3825 | D:6      | Noticed Pikel
  3856 | D:6      | Killed Pikel
  3857 | D:6      | Reached skill level 10 in Unarmed Combat
  3859 | D:6      | Reached skill level 10 in Transmutations
  4040 | D:7      | Found a white marble altar of Elyvilon.
  4050 | D:7      | Found a runed translucent door.
  4051 | D:7      | Noticed kingsuperguy's ghost (novice MiBe)
  4287 | D:8      | Learned a level 2 spell: Ensorcelled Hibernation
  4347 | D:7      | Noticed Maggie
  4370 | D:7      | Killed Maggie
  4455 | D:6      | Found Fulet's Antique Weapon Shop.
  4462 | D:6      | Bought an ancient dire flail for 234 gold pieces
  4462 | D:6      | Identified the +4 dire flail of Ash {elec, Contam rC+ rN+
                  | Will+} (You bought it in a shop on level 6 of the Dungeon)
  4664 | D:7      | Noticed Joseph
  4677 | D:7      | Killed Joseph
  4840 | D:8      | Reached XP level 11. HP: 79/79 MP: 11/16
  4850 | D:8      | Glimpsed the power of Zot.
  4900 | D:8      | Glimpsed the power of Zot.
  4943 | D:9      | Reached skill level 1 in Necromancy
  5022 | D:9      | Found a runed translucent gate.
  5022 | D:9      | Noticed a red ugly thing
  5022 | D:9      | Noticed a purple ugly thing
  5022 | D:9      | Noticed a cyan ugly thing
  5023 | D:9      | Found a runed translucent gate.
  5023 | D:9      | Found a runed translucent gate.
  5023 | D:9      | Noticed a glowing orange brain
  5023 | D:9      | Noticed a red ugly thing
  5111 | D:9      | Noticed Maurice
  5119 | D:9      | Killed Maurice
  5273 | D:10     | Entered Level 10 of the Dungeon
  5295 | D:10     | Found a portal to a secret trove of treasure.
  5331 | D:10     | Noticed a two-headed ogre
  5342 | D:10     | Reached skill level 5 in Dodging
  5353 | D:10     | HP: 4/126 [troll (9)]
  5353 | D:10     | Slain by a troll

Illustrated notes

Levels and vault maps discovered:
D:1:      lightli_arrival_quake, layout_rooms, st_stairs_8
D:2:      layout_rooms, basic_altar
D:3:      layout_basic
D:4:      kennysheep_six_static_rooms, layout_basic, temple_doors_e
D:5:      wad_woods_stonehenge, layout_basic, minmay_misc_feat_roman,
          hex_intersection, hangedman_abyss_or_decor_stabs
D:6:      minmay_polygon_palace, layout_loops_ring, serial_shops,
          nicolae_stop_n_shop_2, uniq_grinder, uniq_pikel
D:7:      layout_gridville, elyvilon_altar_4, gammafunk_ghost_grave,
          uniq_joseph, uniq_maggie
D:8:      layout_basic
D:9:      layout_rooms, ploomutoo_gammafunk_ghost_potion_laboratory,
          uniq_amaemon, uniq_maurice
D:10:     layout_grid_maze, minmay_lair_entry_grove, orc_0_dummy, enter_trove_0
Temple:   kilobyte_greek_temple

Skill      XL: |  1  2  3  4  5  6  7  8  9 10 11 |
---------------+----------------------------------+-----
Unarmed Combat | 4 5 6 7 8 9 11 | 11.9
Transmutations | 3 4 6 7 9 10 11 | 11.5
Ice Magic      | 2 4 6 8 9 |  9.0
Fighting       | 2 4 |  4.1
Dodging        | 3 5 |  5.1
Necromancy     | 3 |  3.3
Spellcasting   | |  2.6

Action                   |  1- 3 |  4- 6 |  7- 9 | 10-12 || total
-------------------------+-------+-------+-------+-------++-------
Melee: Unarmed           |    54 |   124 |   219 |   187 ||   584
       Kick              |    12 |    20 |    39 |     1 ||    72
       Headbutt          |     8 |    17 |    21 |     1 ||    47
       Punch             |       |     2 |     9 |       ||    11
       Dire flail        |       |       |       |    16 ||    16
 Fire: Sling             |    11 |    27 |    12 |     1 ||    51
 Cast: Beastly Appendage |    14 |    16 |    18 |     1 ||    49
       Wereblood         |     2 |     7 |    17 |    14 ||    40
       Ozocubu's Armour  |       |       |     5 |     8 ||    13
       Ice Form          |       |       |     4 |    13 ||    17
       Ensorcelled Hiber |       |       |       |     4 ||     4
Invok: Sacrifice Durabil |       |       |     1 |       ||     1
       Reject Sacrifices |       |       |       |     1 ||     1
 Abil: End Transformatio |       |       |       |     1 ||     1
  Use: Potion            |     1 |       |     7 |     6 ||    14
       Scroll            |       |       |     2 |    10 ||    12
 Stab: Distracted        |       |       |       |     1 ||     1
Armor: Robe              |    17 |    30 |    17 |     1 ||    65
       Skin              |     1 |       |    22 |   123 ||   146
       Swamp dragon scal |       |       |       |     7 ||     7
Dodge: Dodged            |    31 |    55 |   113 |   121 ||   320
